AoeStats
← Lubka

Arabia

508910119Analyzed
1v1 RM · 8d ago on Sep 24, 2026· 33m 3s· 2 players
Game mode
Random Map
Map size
Tiny (2 player)
Population
200
Speed
Normal
Resources
Standard
Victory
Conquest
Starting age
Dark Age
Ending age
Imperial Age
RankedLock teamsTeams togetherTeam positionsShared explorationLock speedFull tech treeHidden civsTurbo modeCheats
Victory
Defeat
🇦🇹 Khmer · Austria
1108
+16
🇦🇷 Varangians · Argentina
1118
-16
Lubka
6:49 Loom
10:36 Feudal Age
11:15 Double-Bit Axe
11:12 Horse Collar
14:48 Bloodlines
15:11 Forging
15:07 Scale Barding Armor
22:27 Castle Age
21:52 Wheelbarrow
23:38 Husbandry
23:46 Husbandry
26:40 Iron Casting
26:43 Light Cavalry
28:15 Chain Barding Armor
EL LOCOMOTORA
6:40 Loom
9:55 Feudal Age
10:33 Double-Bit Axe
10:38 Horse Collar
12:10 Horse Collar
19:51 Wheelbarrow
22:34 Castle Age
21:43 Forging
21:48 Bloodlines
22:18 Forging
22:20 Scale Barding Armor
22:14 Town Watch
23:31 Bow Saw
27:31 Chain Barding Armor
28:20 Pikeman
30:12 Iron Casting
32:15 Scale Mail Armor
Connection lost

Rejoining the realm…

Still unreachable

The connection could not be restored.

Session expired

The server has moved on; the page needs a fresh start.